 Dungeon Crawl Stone Soup version 0.15.1-1-gfacfea3 (webtiles) character file.

280 Kashira the Magician (level 6, 24/24 HPs)
             Began as a Felid Ice Elementalist on Sept 21, 2014.
             Was a Follower of Elyvilon.
             Quit the game on Level 4 of the Dungeon.
             The game lasted 00:23:41 (4815 turns).

Kashira the Magician (Felid Ice Elementalist)       Turns: 4815, Time: 00:23:41

HP  24/24        AC  2     Str  6      XL: 6   Next:  5%
MP  20/20        EV 19     Int 16      God: Elyvilon [*.....]
Gold 178         SH  0     Dex 17      Spells:  4 memorised,  5 levels left
Lives: 1, deaths: 1

rFire  . . .     SeeInvis +     (weapon unavailable)
rCold  . . .     Clarity  .     (armour unavailable)
rNeg   . . .     rCorr    .     (shield unavailable)
rPois  .         rRot     .     (helmet unavailable)
rElec  .         Spirit   .     (cloak unavailable)
SustAb .         Warding  .     (gloves unavailable)
rMut   .         Stasis   .     (boots unavailable)
Gourm  .                        (no amulet)
MR     .....                    (no ring)
                                (no ring)

@: quick, not resistant to hostile enchantments, fairly stealthy
A: paw claws, no armour, no weapons or thrown items, fangs 3, see invisible,
carnivore 3, speed 1, shaggy fur 2, slow metabolism 1, jump 2
a: Jump Attack, Lesser Healing, Lesser Self-Healing, Divine Protection, Renounce
Religion


You were on level 4 of the Dungeon.
You worshipped Elyvilon.
Elyvilon was aware of your devotion.
You were not hungry.

You visited 1 branch of the dungeon, and saw 4 of its levels.

You collected 178 gold pieces.

Inventory:

Magical devices
 h - a wand of disintegration (15)
Comestibles
 c - 4 meat rations
 l - a slice of pizza
 p - a chunk of worm flesh
Scrolls
 a - 2 scrolls of amnesia
 d - 2 scrolls of teleportation
 f - 2 scrolls of immolation {unknown}
 i - a scroll of fog {unknown}
 o - a scroll of identify
Jewellery
 e - a cursed -3 ring of strength {unknown}
 m - an uncursed ring of stealth {unknown}
Potions
 g - a potion of degeneration {unknown}
 j - a potion of confusion
 k - 2 potions of heal wounds {unknown}
 n - a potion of might {unknown}
Books
 b - a book of Frost

   Spells                             Type                      Level
   *Freeze                            Ice                          1
   *Throw Frost                       Conjuration/Ice              2
   *Ozocubu's Armour                  Charms/Ice                   3
   Throw Icicle                       Conjuration/Ice              4
   Summon Ice Beast                   Ice/Summoning                4
   *Condensation Shield               Ice                          4


   Skills:
 + Level 4.0 Dodging
 - Level 2.6 Stealth
 + Level 5.0 Spellcasting
 + Level 1.6 Conjurations
 + Level 0.2 Charms
 + Level 5.0 Ice Magic


You had 5 spell levels left.
You knew the following spells:

 Your Spells              Type           Power        Failure   Level  Hunger
a - Freeze                Ice            ###.         1%          1    None
b - Throw Frost           Conj/Ice       ##....       8%          2    #......
c - Ozocubu's Armour      Chrm/Ice       ##......     17%         3    ###....
d - Condensation Shield   Ice            ###.......   21%         4    ####...


Dungeon Overview and Level Annotations

Branches:
Dungeon (4/15)             Temple (0/1) D:4

Altars:
Elyvilon
Zin
The Shining One


Innate Abilities, Weirdness & Mutations

You cannot wear armour.
You are incapable of wielding weapons or throwing items.
Your paws have sharp claws.
You have razor-sharp teeth.
You have supernaturally acute eyesight.
You are carnivorous and can eat meat at any time.
You cover ground quickly.
You are covered in thick fur (AC +2).
You have a slow metabolism.
You can jump attack at a medium distance.


Message History

Drink which item? (? for menu, Esc to quit)
Okay, then.
Read which item? (? for menu, Esc to quit)
Okay, then.
Use which ability? (? or * to list)
You beseech Elyvilon to protect your life.
The orc wizard zaps a wand.
You resist with significant effort.
Use which ability? (? or * to list)
You fail to use your ability.
Unknown command.
Press: ? - help, v - describe, . - travel
Here: an orc wizard, wielding a dagger and wearing a leather armour (lightly wounded)
The floor.
The orc wizard zaps a wand.
You are blasted!
Ouch! That really hurt!
You die...
You are now level 6!
You rejoin the land of the living...
Found 14 gold pieces.
Are you sure you want to abandon this character and quit the game? (Confirm with "yes".)

..# ... ..# ..#
..# #.##### ..#
#...@.# #
.$....###........
# .## ####.## # #
#######.#
........#
.######## .#


There were no monsters in sight!

Vanquished Creatures
  A black bear (D:4)
  An ogre (D:4)
  A crimson imp (D:3)
  Crazy Yiuf (D:3)
  A hound (D:3)
  An orc priest (D:3)
  2 worker ants
  8 adders
  A giant mite (D:2)
  3 worms
  2 giant geckos (D:1)
  2 oozes
  13 orcs
  3 ball pythons (D:1)
  2 bats
  5 giant cockroaches
  11 hobgoblins
  7 jackals
  A quokka (D:2)
  8 giant newts
  10 goblins
  10 kobolds
  12 rats
106 creatures vanquished.

Vanquished Creatures (others)
  A bat (D:3)
1 creature vanquished.

Grand Total: 107 creatures vanquished

Notes
Turn   | Place    | Note
--------------------------------------------------------------
     0 | D:1      | Kashira, the Felid Ice Elementalist, began the quest for the Orb.
     0 | D:1      | Reached XP level 1. HP: 7/7 MP: 4/4
   139 | D:1      | Reached skill level 3 in Dodging
   377 | D:1      | Reached XP level 2. HP: 9/11 MP: 3/6
   477 | D:1      | Learned a level 2 spell: Throw Frost
  1166 | D:1      | Reached XP level 3. HP: 14/14 MP: 2/8
  1316 | D:1      | Learned a level 3 spell: Ozocubu's Armour
  2113 | D:2      | Reached XP level 4. HP: 18/18 MP: 1/12
  2762 | D:3      | Noticed Crazy Yiuf
  2856 | D:3      | Reached skill level 1 in Conjurations
  3102 | D:3      | Found a white marble altar of Elyvilon.
  3102 | D:3      | Found a glowing golden altar of the Shining One.
  3102 | D:3      | Found a glowing silver altar of Zin.
  3105 | D:3      | Became a worshipper of Elyvilon the Healer
  3274 | D:3      | Reached XP level 5. HP: 19/21 MP: 8/14
  3324 | D:3      | Learned a level 4 spell: Condensation Shield
  3468 | D:3      | Reached skill level 4 in Ice Magic
  3552 | D:3      | Killed Crazy Yiuf
  3885 | D:3      | Gained mutation: You are covered in thick fur (AC +2). [growing up]
  3885 | D:3      | Gained mutation: You can jump attack at a medium distance. [growing up]
  3885 | D:3      | Reached XP level 6. HP: 20/24 MP: 15/18
  4062 | D:4      | Found a staircase to the Ecumenical Temple.
  4582 | D:4      | Reached XP level 7. HP: 27/27 MP: 13/21
  4584 | D:4      | Acquired Elyvilon's first power
  4590 | D:4      | Reached skill level 5 in Spellcasting
  4752 | D:4      | Reached skill level 5 in Ice Magic
  4809 | D:4      | HP: 1/27 [disintegration (21)]
  4814 | D:4      | Blown up by an orc wizard
  4815 | D:4      | Reached XP level 6. HP: -13/24 MP: 17/20
  4815 | D:4      | Quit the game

Action                   |  1- 3 |  4- 6 |  7- 9 || total
-------------------------+-------+-------+-------++-------
Melee: Unarmed           |    18 |       |       ||    18
 Cast: Freeze            |    66 |    82 |    13 ||   161
       Throw Frost       |    30 |    40 |     6 ||    76
       Ozocubu's Armour  |       |     4 |       ||     4
       Condensation Shie |       |     3 |       ||     3
Invok: Divine Protection |       |       |     1 ||     1
 Abil: Jump Attack       |     2 |       |       ||     2
Evoke: Wand              |       |     3 |       ||     3
  Use: Scroll            |     5 |       |       ||     5
  Eat: Chunk             |    12 |     7 |     1 ||    20
